 Dungeon Crawl Stone Soup version 0.24.0-13-gcf9b319 (webtiles) character file.

Game seed: 9922021886658639537, levelgen mode: deterministic

23890 varitox the Slicer (level 13, -11/108 HPs)
             Began as a Formicid Fighter on Mar 17, 2020.
             Was a Priest of Qazlal.
             Mangled by a death yak (20 damage)
             ... on level 3 of the Lair of Beasts.
             The game lasted 01:04:03 (15557 turns).

varitox the Slicer (Formicid Fighter)              Turns: 15557, Time: 01:04:06

Health: -11/108    AC: 14    Str: 24    XL:     13   Next: 38%
Magic:  17/18      EV:  1    Int:  9    God:    Qazlal [***...]
Gold:   1147       SH: 34    Dex: 11    Spells: 12/12 levels left

rFire    + + .     SeeInvis +   a - +8 rapier "Soraq" {venom, rC++}
rCold    + + +     Gourm    +   c - +18 shield of the Gong {rElec rN+ MR+ EV-5}
rNeg     + . .     Faith    .   b - +0 plate armour
rPois    +         Spirit   .   (helmet unavailable)
rElec    +         Reflect  .   r - scarf {rC+ rF+}
rCorr    .         Harm     .   p - +0 pair of gloves
MR       ++...                  (no boots)
Stlth    ..........             N - amulet of the gourmand
HPRegen  0.28/turn              q - ring of protection from fire
MPRegen  0.16/turn              B - ring of poison resistance

@: no status effects
A: permanent stasis, dig shafts and tunnels, four strong arms, antennae 3
a: Dig, Shaft Self, Upheaval, Elemental Force, Renounce Religion


You were on level 3 of the Lair of Beasts.
You worshipped Qazlal.
Qazlal was most pleased with you.
You were completely stuffed.

You visited 3 branches of the dungeon, and saw 17 of its levels.

You collected 1147 gold pieces.

Inventory:

Hand Weapons
 a - the +8 rapier "Soraq" (weapon) {venom, rC++}
   (You found it on level 4 of the Dungeon)

   It poisons the flesh of those it strikes.
   It greatly protects you from cold.
 e - a +0 scimitar of flaming
Armour
 b - a +0 plate armour (worn)
 c - the +18 shield of the Gong (worn) {rElec rN+ MR+ EV-5}
   (You found it on level 6 of the Dungeon)

   It affects your evasion (-5).
   It insulates you from electricity.
   It protects you from negative energy.
   It affects your resistance to hostile enchantments.
 p - a +0 pair of gloves (worn)
 r - a scarf of resistance (worn)
Jewellery
 h - an uncursed ring of magical power
 q - a ring of protection from fire (left hand)
 u - an uncursed ring of flight
 z - an uncursed ring of protection from cold
 B - a ring of poison resistance (right hand)
 N - an amulet of the gourmand (around neck)
 O - an uncursed ring of stealth
Wands
 t - a wand of disintegration (2)
 v - a wand of paralysis (33)
 y - a wand of random effects (16)
 A - a wand of polymorph (25)
 I - a wand of acid (5)
Scrolls
 i - 3 scrolls of enchant armour
 j - 8 scrolls of remove curse {@r2}
 k - 2 scrolls of enchant weapon
 n - 2 scrolls of fog
 w - 4 scrolls of summoning {unknown}
 C - a scroll of vulnerability {unknown}
 G - 4 scrolls of identify {@r1}
 J - a scroll of noise {unknown}
 K - a scroll of holy word {unknown}
 L - 2 scrolls of amnesia
 Q - a scroll of magic mapping
Potions
 d - 2 potions of might
 g - 2 potions of flight
 l - 4 potions of brilliance
 m - 5 potions of curing {@q1}
 s - 2 potions of invisibility
 x - 3 potions of agility
 D - 3 potions of resistance
 E - 7 potions of mutation
 F - a potion of ambrosia {unknown}
 H - a potion of haste {unknown}
 M - 2 potions of lignification {unknown}
Comestibles
 f - 34 rations
 P - 2 chunks of flesh


   Skills:
 + Level 12.1 Fighting
 - Level 13.9(14.0) Short Blades
 - Level 3.0(9.7) Long Blades
   Level 6.6 Maces & Flails
 + Level 7.1 Armour
 + Level 7.8 Shields
 + Level 6.7 Invocations


You had 12 spell levels left.
You didn't know any spells.
Your spell library contained the following spells:

 Spells                   Type           Power        Failure   Level  Hunger
 Animate Skeleton         Necr           N/A          100%        1    ##.....
 Apportation              Tloc           #.....       100%        1    ##.....
 Confusing Touch          Hex            #.....       100%        1    ##.....
 Summon Small Mammal      Summ           #...         100%        1    ##.....


Dungeon Overview and Level Annotations

Branches:
Dungeon (12/15)            Temple (1/1) D:7            Lair (4/6) D:10
 Shoals (0/4) Lair:3        Snake (0/4) Lair:2
    Orc: D:9-12

Altars:
Ashenzari
Cheibriados
Dithmenos
Elyvilon
Fedhas
Gozag
Hepliaklqana
Kikubaaqudgha
Makhleb
Nemelex Xobeh
Okawaru
Qazlal
Ru
Sif Muna
Trog
Uskayaw
Vehumet
Wu Jian
Xom
Yredelemnul
Zin
The Shining One

Shops:
D:4 *   D:6 *   D:11 (


Innate Abilities, Weirdness & Mutations

You cannot be hasted, slowed, berserked, paralysed or teleported.
You can dig through walls and to a lower floor.
Your four strong arms can wield two-handed weapons with a shield.
You have a pair of large antennae on your head. (SInv)


Message History

GONNNNG!
The death yak gores you!
* * * LOW HITPOINT WARNING * * *
The crocodile is engulfed in blazing flames.
You kill the crocodile!
Qazlal accepts your kill. You block the dream sheep's attack.
GONNNNG!
You block the crocodile's attack.
GONNNNG!
Your +0 scimitar of flaming stops flaming.
The +8 rapier "Soraq" {venom, rC++} begins to drip with poison!
a - the +8 rapier "Soraq" (weapon)
{venom, rC++} You puncture the death yak!
The death yak is poisoned.
The death yak is heavily wounded.
The death yak is engulfed in freezing vapours.
You block the death yak's attack.
PANG!
The death yak gores you!!
You die...

## #...###
#.####....P#
#.(.......## ###
#..........#
..####........).#
....#.#.........###
.......#.......Y#Y#
#..#..........F†@##
#####.##.......○tY#
#####.#.....Y.#
####.##......
#####.#....
#P≈≈≈≈≈≈≈..!
##≈≈≈≈≈≈≈≈≈..
##≈≈≈#####≈≈≈.
###≈≈≈##...##


You could see 2 death yaks, a blink frog, a crocodile and 2 dream sheep.

Vanquished Creatures
  A hydra (Lair:3)
  3 two-headed ogres
  Erica (D:10)
  The ghost of Monica the Blocker, a journeyman GrFi of Qazlal (D:11)
  Pikel (D:9)
  2 ugly things
  Maurice (D:8)
  Psyche (D:7)
  Joseph (D:7)
  4 spiny frogs
  2 gargoyles
  2 rime drakes (Lair:2)
  3 komodo dragons (Lair:2)
  4 trolls
  A slime creature (D:9)
  Prince Ribbit (D:8)
  2 blink frogs (Lair:3)
  A snapping turtle (Lair:3)
  2 wyverns
  21 yaks
  6 wraiths (D:11)
  The ghost of 0gre the Covered, an amateur MiFi (D:3)
  2 basilisks
  7 nagas (Lair:2)
  2 vampire mosquitoes (D:9)
  7 water moccasins
  6 porcupines
  2 orc warriors
  2 ice beasts (D:7)
  An eye of draining (D:10)
  A phantom (D:5)
  A slave (D:9)
  A black bear (D:8)
  A hornet zombie (D:6)
  8 ogres
  3 sky beasts
  2 centaurs
  3 wolves (D:10)
  7 crocodiles
  6 bullfrogs
  2 big kobolds
  A wyvern zombie (D:6)
  3 scorpions
  9 wights
  4 electric eels (D:10)
  3 howler monkeys
  8 crimson imps
  3 centaur skeletons
  3 jellies
  A centaur zombie (D:4)
  7 hounds
  6 orc wizards
  8 orc priests
  2 bullfrog skeletons
  2 iguanas
  10 worker ants
  5 hell rats (Lair:2)
  A hound skeleton (D:4)
  2 worker ant zombies
  4 gnolls (D:5)
  15 adders
  A shadow imp (D:5)
  An ooze (D:1)
  An adder zombie (D:9)
  3 worms
  5 dart slugs
  8 leopard geckos
  26 orcs
  2 ball pythons
  4 giant cockroaches
  9 goblins
  3 hobgoblins
  6 jackals
  16 kobolds
  7 quokkas
  2 bats
  3 frilled lizards
  9 rats
329 creatures vanquished.

Vanquished Creatures (others)
  A bullfrog skeleton (D:9)
  2 fungi
  A plant (Lair:2)
4 creatures vanquished.

Grand Total: 333 creatures vanquished

Notes
Turn   | Place    | Note
-------+----------+-------------------------------------------
     0 | D:1      | varitox the Formicid Fighter began the quest for the Orb.
     0 | D:1      | Reached XP level 1. HP: 18/18 MP: 1/1
    81 | D:1      | Reached XP level 2. HP: 18/24 MP: 2/2
   697 | D:1      | Reached XP level 3. HP: 29/29 MP: 3/3
   730 | D:1      | Reached skill level 1 in Maces & Flails
  1247 | D:2      | Found a snail-covered altar of Cheibriados.
  1489 | D:2      | Reached XP level 4. HP: 35/35 MP: 4/4
  2325 | D:3      | Reached XP level 5. HP: 33/41 MP: 5/5
  2437 | D:3      | Found an opulent altar of Gozag.
  3035 | D:4      | Reached XP level 6. HP: 47/47 MP: 6/6
  3247 | D:3      | Found a runed translucent door.
  3248 | D:3      | Noticed 0gre's ghost (amateur MiFi)
  3417 | D:4      | Found Hioluadi's Assorted Antiques.
  3454 | D:4      | Reached skill level 5 in Maces & Flails
  3614 | D:4      | Noticed an ogre
  3636 | D:4      | Killed an ogre
  3922 | D:5      | Entered Level 5 of the Dungeon
  3922 | D:5      | Noticed a phantom
  3953 | D:5      | Noticed a sky beast
  3953 | D:5      | Noticed an ogre
  3963 | D:4      | Killed an ogre
  3963 | D:4      | Reached XP level 7. HP: 31/52 MP: 7/7
  4174 | D:4      | Found a shimmering blue altar of Sif Muna.
  4225 | D:4      | Got a crystal rapier
  4250 | D:4      | Identified the +8 rapier "Soraq" {venom, rC++} (You found
                  | it on level 4 of the Dungeon)
  4409 | D:4      | Reached skill level 1 in Short Blades
  4588 | D:5      | Reached skill level 2 in Short Blades
  4600 | D:5      | Reached skill level 3 in Short Blades
  4625 | D:5      | Reached XP level 8. HP: 36/58 MP: 8/8
  4792 | D:5      | Reached skill level 4 in Short Blades
  4838 | D:5      | Reached skill level 5 in Short Blades
  5070 | D:5      | Found a hazy altar of Hepliaklqana.
  5416 | D:6      | Reached skill level 6 in Short Blades
  5699 | D:6      | Found Qiemiuly's Assorted Antiques.
  5774 | D:6      | Reached skill level 7 in Short Blades
  6035 | D:6      | Identified the +1 leather armour of Zezao {rC+}
  6239 | D:6      | Reached XP level 9. HP: 56/64 MP: 9/9
  6301 | D:6      | Found the +18 shield of the Gong {rElec rN+ MR+ EV-5}
  6619 | D:8      | Found a sacrificial altar of Ru.
  6619 | D:8      | Found a hazy altar of Hepliaklqana.
  6619 | D:8      | Found a shattered altar of Ashenzari.
  6619 | D:8      | Found a shimmering altar of Xom.
  6619 | D:8      | Noticed Psyche
  6619 | D:8      | Noticed Joseph
  6645 | D:7      | Reached skill level 8 in Short Blades
  6860 | D:7      | Found a staircase to the Ecumenical Temple.
  6870 | Temple   | Entered the Ecumenical Temple
  7220 | D:3      | Killed 0gre's ghost
  7220 | D:3      | Reached skill level 9 in Short Blades
  7444 | D:7      | Got a warped leather armour
  7455 | D:7      | Identified the cursed +0 leather armour "Duytun" {Dex+6}
                  | (You found it on level 7 of the Dungeon)
  7604 | D:8      | Found a blossoming altar of Fedhas.
  7615 | D:8      | Noticed Maurice
  7616 | D:8      | Noticed a brown ugly thing
  7739 | D:7      | Found an ornate altar of the Wu Jian Council.
  8055 | D:7      | Killed Psyche
  8055 | D:7      | Reached skill level 10 in Short Blades
  8173 | D:7      | Killed a brown ugly thing
  8173 | D:7      | Reached XP level 10. HP: 73/73 MP: 10/10
  8203 | D:8      | Noticed Prince Ribbit
  8209 | D:8      | Killed Prince Ribbit
  8209 | D:8      | Reached skill level 5 in Fighting
  8226 | D:7      | Reached skill level 11 in Short Blades
  8324 | D:7      | Killed Joseph
  8381 | D:8      | Killed Maurice
  8594 | D:8      | Found a stormy altar of Qazlal.
  8617 | D:8      | Became a worshipper of Qazlal Stormbringer
  8879 | D:9      | Reached skill level 12 in Short Blades
  8915 | D:9      | Noticed Pikel
  8929 | D:9      | Killed Pikel
  8968 | D:10     | Entered Level 10 of the Dungeon
  8974 | D:10     | Reached XP level 11. HP: 84/84 MP: 11/11
  9144 | D:9      | Noticed a two-headed ogre
  9155 | D:9      | Killed a two-headed ogre
  9159 | D:9      | Reached * piety under Qazlal
  9174 | D:9      | Reached skill level 13 in Short Blades
  9258 | D:9      | Noticed a two-headed ogre
  9278 | D:9      | Killed a two-headed ogre
 10048 | D:10     | Noticed a two-headed ogre
 10068 | D:11     | Killed a two-headed ogre
 10370 | D:10     | Noticed Erica
 10391 | D:10     | Killed Erica
 10391 | D:10     | Reached skill level 10 in Fighting
 10391 | D:10     | Reached XP level 12. HP: 80/97 MP: 8/12
 10660 | D:10     | Found a staircase to the Lair.
 10763 | D:10     | Reached ** piety under Qazlal
 10828 | Lair:1   | Entered Level 1 of the Lair of Beasts
 11564 | D:11     | Reached skill level 1 in Invocations
 11907 | D:11     | Found a runed translucent gate.
 11914 | D:11     | Noticed Monica's ghost (journeyman GrFi)
 11915 | D:11     | Found a runed translucent gate.
 11915 | D:11     | Found a runed translucent gate.
 11990 | D:11     | Killed Monica's ghost
 11990 | D:11     | Reached skill level 5 in Shields
 12225 | D:11     | Found Epohef's Weapon Emporium.
 12692 | Lair:1   | Reached *** piety under Qazlal
 12695 | Lair:1   | Reached skill level 5 in Armour
 13757 | Lair:2   | Reached skill level 5 in Invocations
 13800 | Lair:2   | Reached XP level 13. HP: 77/106 MP: 16/16
 14375 | Lair:2   | Found a staircase to the Snake Pit.
 14859 | Lair:3   | Found a staircase to the Shoals.
 15408 | Lair:4   | Noticed an eight-headed hydra
 15554 | Lair:3   | Killed a four-headed hydra
 15557 | Lair:3   | Mangled by a death yak

Levels and vault maps discovered:
D:1:      nagdon_arrival_zigzag_paths, layout_basic,
          chequers_serial_rivers_large_a
D:2:      layout_loops_ring, overflow_temple_1_default, first_ration,
          glass_columns_a
D:3:      layout_basic, ebering_ghost_reflecting_pool,
          nicolae_gozag_cash_rules_everything_around_me
D:4:      layout_loops_corners, nicolae_overflow_crystal_walls,
          portal_sewer_entry_f, serial_shops, shop
D:5:      layout_rooms, basic_altar
D:6:      layout_basic, serial_shops, shop_fountains
D:7:      layout_gridville, old_standard_altar, minmay_temple_entry_slanted,
          grunt_ogre_cave
D:8:      layout_cave_pools, grunt_temple_overflow_forces_of_nature,
          chequers_temple_overflow_statue_of_worship, minmay_microvault,
          uniq_psyche, uniq_maurice, uniq_prince_ribbit1, uniq_joseph
D:9:      layout_roguey, small_statue_intersection, minmay_pinched_square,
          uniq_pikel
D:10:     layout_cave_pools, erik_lair_island, uniq_erica
D:11:     layout_stronghold, gammafunk_ghost_spectres, serial_shops, shop
D:12:     layout_roguey, david_orc_3, basic_altar
Temple:   nicolae_temple_figure_eight
Lair:1:   layout_loops_ring, lemuel_fruit_fields
Lair:2:   layout_regular_city, minmay_snake_entry_guardpost_large
Lair:3:   layout_cave_pods, minmay_shoals_entry_hut
Lair:4:   layout_cave_shapes, grunt_megastairs_2

Skill      XL: |  1  2  3  4  5  6  7  8  9 10 11 12 13 |
---------------+----------------------------------------+-----
Long Blades    | 3 |  3.0
Maces & Flails | 2 3 4 6 |  6.6
Short Blades   | 3 7 10 12 13 | 13.9
Fighting       | 4 7 10 11 12 | 12.1
Invocations    | 5 6 |  6.7
Shields        | 6 7 |  7.8
Armour         | 5 7 |  7.1

Action                   |  1- 3 |  4- 6 |  7- 9 | 10-12 | 13-15 || total
-------------------------+-------+-------+-------+-------+-------++-------
Melee: Long sword        |    30 |       |       |       |       ||    30
       Whip              |    46 |   165 |     8 |       |       ||   219
       Short sword       |     5 |       |       |       |       ||     5
       Rapier            |       |       |   260 |   685 |   141 ||  1086
       Scimitar          |       |       |       |       |     5 ||     5
Invok: Upheaval          |       |       |       |     1 |       ||     1
 Abil: Dig               |     2 |     3 |       |     5 |     1 ||    11
  Use: Scroll            |       |    13 |     1 |     7 |       ||    21
       Potion            |       |       |       |       |     4 ||     4
 Stab: Distracted        |     1 |       |       |       |       ||     1
  Eat: Chunk             |     3 |     7 |     7 |    30 |     6 ||    53
       Ration            |       |       |     2 |     1 |       ||     3
Armor: Scale mail        |    20 |    45 |    47 |       |       ||   112
       Plate armour      |       |       |    12 |    60 |    27 ||    99
Dodge: Dodged            |    16 |    30 |    49 |     1 |     2 ||    98
Block: Shield            |    30 |    63 |   144 |   435 |   136 ||   808
       Rpst.: Long sword |     4 |       |       |       |       ||     4
       Scimitar          |       |       |       |       |     1 ||     1
